 Dungeon Crawl Stone Soup version 0.16-a0-1183-g5b05a17 (webtiles) character file.

130 Psiweapon the Sneak (level 5, -6/32 HPs)
             Began as a Kobold Abyssal Knight on Oct 10, 2014.
             Was a Priest of Lugonu.
             Mangled by an iguana (7 damage)
             ... on level 3 of the Dungeon.
             The game lasted 00:08:48 (3382 turns).

Psiweapon the Sneak (Kobold Abyssal Knight)         Turns: 3382, Time: 00:08:49

Health: -6/32      AC:  3    Str: 11    XL:     5   Next: 36%
Magic:  0/7        EV: 19    Int: 10    God:    Lugonu [***...]
Gold:   118        SH:  0    Dex: 21    Spells: 0 memorised, 4 levels left

rFire  . . .     SeeInvis .     a - +1 short sword
rCold  . . .     Clarity  .     b - +0 leather armour
rNeg   . . .     SustAb   .     (no shield)
rPois  .         Gourm    .     (no helmet)
rElec  .         Spirit   +     (no cloak)
rCorr  .         Warding  .     (no gloves)
rMut   .         Stasis   .     (no boots)
MR     .....                    f - amulet of guardian spirit
Stlth  +++++.....               (no ring)
                                (no ring)

@: agile, lethally poisoned, not resistant to hostile enchantments, quite
stealthy
A: carnivore 3
a: Depart the Abyss, Bend Space, Banish, Renounce Religion


You were on level 3 of the Dungeon.
You worshipped Lugonu.
Lugonu was most pleased with you.
You were full.

You visited 1 branch of the dungeon, and saw 3 of its levels.
You visited the Abyss 1 time.

You collected 118 gold pieces.

Inventory:

Hand weapons
 a - a +1 short sword (weapon)
 o - a +1 dagger of pain
Missiles
 m - 35 bolts
Armour
 b - a +0 leather armour (worn)
Comestibles
 c - 3 meat rations
Scrolls
 d - 2 scrolls of teleportation {unknown}
 e - a scroll of immolation {unknown}
 g - 3 scrolls of identify {unknown}
 h - a scroll of remove curse {unknown}
 i - a scroll of fear {unknown}
 q - a scroll of blinking {unknown}
Jewellery
 f - an amulet of guardian spirit (around neck)
 j - an uncursed amulet of rage {unknown}
Potions
 r - a potion of resistance {unknown}
 s - a potion of restore abilities {unknown}
 t - a potion of brilliance {unknown}


   Skills:
 - Level 3.6 Fighting
 - Level 2.9 Short Blades
 - Level 0.7 Armour
 - Level 2.5 Dodging
 + Level 5.7 Stealth
 + Level 2.6 Invocations


You had 4 spell levels left.
You didn't know any spells.

Dungeon Overview and Level Annotations

Branches:
Dungeon (3/15)

Altars:
Ashenzari
The Shining One


Innate Abilities, Weirdness & Mutations

You are small and have problems with some larger weapons.
You are carnivorous and can eat meat at any time.


Message History

Lugonu accepts your kill.
* * * LOW HITPOINT WARNING * * *
You feel sick.
You closely miss the iguana. The iguana closely misses you.
You hit the iguana but do no damage.
* * * LOW HITPOINT WARNING * * *
You feel sick. The iguana closely misses you.
You hit the iguana.
The iguana is lightly wounded.
* * * LOW HITPOINT WARNING * * *
You feel sick.
The iguana bites you but does no damage.
You barely miss the iguana.
The iguana is lightly wounded.
The iguana misses you.
You hit the iguana.
The iguana is lightly wounded.
* * * LOW HITPOINT WARNING * * *
You feel sick. The iguana bites you!
You die...

#...[.#..##.#....
#####.w..........
#..###...#....
#.##....)#....
#.#...........
###....##.#.....
###...........#.#.
#.........#..#....
#@#..(..##...#..##
####l#.#..#...#.#..##
#........##.###...###
#...$.....##.###...##.
#.........##.##....#.>
##?......###)##....#..
#..#######........#..
#..# ##...##...#.. .#
######..####...#..


You could see an iguana.

Vanquished Creatures
  An iguana (D:3)
  4 adders
  A worm (D:3)
  A giant gecko (D:1)
  2 oozes (D:1)
  4 giant cockroaches
  9 goblins
  9 hobgoblins
  12 jackals
  4 kobolds
  4 bats
  3 giant newts
  7 rats
61 creatures vanquished.

Notes
Turn   | Place    | Note
--------------------------------------------------------------
     0 | Abyss:1  | Psiweapon, the Kobold Abyssal Knight, began the quest for the Orb.
     0 | Abyss:1  | Reached XP level 1. HP: 14/14 MP: 1/1
     6 | Abyss:1  | Found a corrupted altar of Lugonu.
    26 | D:1      | Escaped the Abyss
   212 | D:1      | Reached XP level 2. HP: 8/19 MP: 2/2
   446 | D:1      | Reached skill level 1 in Stealth
   629 | D:1      | Acquired Lugonu's second power
   899 | D:1      | Found a glowing golden altar of the Shining One.
   958 | D:1      | Reached XP level 3. HP: 20/23 MP: 3/3
  1628 | D:2      | Acquired Lugonu's third power
  1693 | D:2      | Reached skill level 4 in Stealth
  1749 | D:2      | Reached XP level 4. HP: 26/28 MP: 5/5
  2164 | D:2      | Found a shattered altar of Ashenzari.
  2293 | D:3      | Reached skill level 5 in Stealth
  2958 | D:3      | Reached XP level 5. HP: 19/32 MP: 3/6
  3365 | D:3      | HP: 1/32 [poisoned by an adder]
  3380 | D:3      | HP: 1/32 [poisoned by an adder]
  3382 | D:3      | Mangled by an iguana

Action                   |  1- 3 |  4- 6 || total
-------------------------+-------+-------++-------
Melee: Short sword       |   133 |   117 ||   250
  Use: Potion            |       |     4 ||     4
 Stab: Sleeping          |     5 |     2 ||     7
  Eat: Chunk             |     7 |     6 ||    13
